Cogmind - Beta 13 @@@ ROGUE MODE // 2024.04.10 @ 11:50:01 Player: Arc Result: Smashed by cave-in Performance ------------- Evolutions (2) 1000 Regions Visited (5) 1000 Robots Destroyed (38) 190 Value Destroyed (857) 857 Prototype IDs (5) 100 Alien Tech Used (0) 0 Bonus (150) 150 TOTAL SCORE: 3297 Bonus ------- Follower Combat Kills 150 Cogmind --------- Core Integrity 0/550 Matter 238/300 Energy 49/100 System Corruption 0% Temperature Cool (0) Movement Core (200) Ox3 Location -8/Materials Parts ------- > --- POWER (1) -------- (None) > --- PROPULSION (4) --- (None) > --- UTILITY (3) ------ Medium Storage Unit > --- WEAPON (3) ------- (None) > --- INVENTORY (10) --- Ion Engine Signal Interpreter Signal Interpreter Peak State ------------ > --- POWER ------------ Light Nuclear Core > --- PROPULSION ------- Armored Wheel Armored Wheel > --- UTILITY ---------- Medium Storage Unit Experimental Sensor Array Makeshift Cloaking Device > --- WEAPON ----------- Makeshift Laser Beamcaster Assault Rifle > --- INVENTORY -------- Ion Engine Signal Interpreter Signal Interpreter Particle Cannon Rocket Launcher Katana [Rating: 33] Favorites ----------- Power Ion Engine Engine Ion Engine Power Core Light Nuclear Core Propulsion Armored Wheel Leg Aluminum Leg Wheel Armored Wheel Utility Small Storage Unit Device Improved Heat Sink Storage Small Storage Unit Protection Light Armor Plating Weapon Particle Cannon Energy Gun Makeshift Laser Energy Cannon Particle Cannon Ballistic Gun Assault Rifle Launcher Rocket Launcher Special Weapon Mining Laser Slashing Weapon Katana Build | -11 -10 -10 -10 -9 -8 ------- Run | Yrd Mat Min Exi Min Mat Slots Evolved 4 | . . . . . 4 Power . | . . . . . . Propulsion 2 | . . . . . 2 Utility 1 | . . . . . 1 Weapon 1 | . . . . . 1 Parts Attached 46 | 6 10 4 10 6 10 Power 6 | 1 1 1 1 1 1 Engine 3 | 1 1 1 . . . Core 3 | . . . 1 1 1 Reactor . | . . . . . . Propulsion 9 | 2 2 1 4 . . Treads . | . . . . . . Leg 4 | 2 . . 2 . . Wheel 5 | . 2 1 2 . . Hover . | . . . . . . Flight . | . . . . . . Utility 8 | 1 2 . 2 . 3 Device 5 | . 1 . 1 . 3 Storage 2 | 1 . . 1 . . Processor . | . . . . . . Hackware . | . . . . . . Protection 1 | . 1 . . . . Artifact . | . . . . . . Weapon 23 | 2 5 2 3 5 6 Energy Gun 5 | . 1 . 1 3 . Energy Cannon 5 | . 2 1 1 . 1 Ballistic Gun 6 | 2 1 . . . 3 Ballistic Cannon . | . . . . . . Launcher 3 | . . . . 2 1 Special Weapon 3 | . 1 1 1 . . Impact Weapon . | . . . . . . Slashing Weapon 1 | . . . . . 1 Piercing Weapon . | . . . . . . Special Melee Weapon . | . . . . . . Unidentified Prototypes 1 | . . . . . 1 Parts Lost 18 | . 1 1 2 . 14 Power 3 | . . 1 . . 2 Propulsion 3 | . . . 1 . 2 Utility 4 | . 1 . 1 . 2 Weapon 8 | . . . . . 8 Highest Loss Streak 13 | . 1 1 2 . 13 To Critical Strikes . | . . . . . . Average Slot Usage (%) 95 | . 98 96 94 99 66 Engine 8 | . 13 10 6 . . Core 4 | . . . 7 13 6 Leg 5 | . 8 . 10 . . Wheel 21 | . 19 28 16 28 15 Device 10 | . 6 14 10 14 14 Storage 13 | . 14 14 14 14 9 Protection 2 | . 7 . . . . Energy Gun 8 | . 9 . 2 21 13 Energy Cannon 12 | . 9 17 17 5 1 Ballistic Gun 4 | . 8 9 . . 3 Special Weapon 2 | . . . 8 . . Naked Turns . | . . . . . . Heaviest Build 27 | 13 20 17 22 23 27 Greatest Support 30 | 20 24 24 30 24 24 Greatest Overweight (x) 6 | . 6 1 1 . 3 Average Overweight (x) . | . . . . . 1 Largest Inventory Capacity 10 | 8 8 8 10 10 10 Average Capacity 8 | 6 8 8 8 10 10 Most Carried 8 | 4 8 8 8 8 7 Average Carried 7 | 1 6 7 7 7 5 Final Capacity 10 | 8 8 8 10 10 10 Final Carried 8 | 1 8 8 6 8 3 Class Distribution -------------------- 90% | Mutant 7% | Scavenger-Mutant Dominant Class ---------------- Mutant | -10/Materials Mutant | -10/Mines Mutant | -10/Exiles Mutant | -9/Mines Mutant | -8/Materials Resources | -11 -10 -10 -10 -9 -8 ----------- Run | Yrd Mat Min Exi Min Mat Matter Collected 906 | 265 157 134 55 177 118 Remotely . | . . . . . . Salvage Created 1346 | . 497 283 61 297 208 Parts 88 | . 42 18 1 18 9 Haulers Intercepted 2 | . 2 . . . . Recyclers Shooed 3 | . 3 . . . . Parts Field Recycled . | . . . . . . Retrieved Matter . | . . . . . . Parts Self-Destructed . | . . . . . . Prevented . | . . . . . . Kills | -11 -10 -10 -10 -9 -8 ------- Run | Yrd Mat Min Exi Min Mat Combat Hostiles Destroyed 37 | . 9 4 . 17 7 Melee 3 | . . . . . 3 Guns 16 | . 6 2 . 5 3 Cannons 6 | . 3 2 . . 1 AOE 12 | . . . . 12 . Classes Destroyed 9 | . 5 1 . 3 . Worker 3 | . 1 2 . . . Builder 1 | . . 1 . . . Hauler 2 | . 2 . . . . Recycler 1 | . . . . 1 . Watcher 3 | . 3 . . . . Swarmer 13 | . 3 2 . 4 4 Grunt 14 | . 6 2 . 3 3 Duelist 1 | . . . . 1 . Assembled 9 | . . . . 9 . Best Kill Streak 9 | . 3 2 . 9 4 Combat Bots Only 9 | . 3 2 . 9 4 Max Kills in Single Turn 3 | . 1 1 . 3 1 Gunslinging . | . . . . . . Exploded 3 | . . . . 3 . Melee 1 | . . . . . 1 Uniques/NPCs Destroyed . | . . . . . . Combat | -11 -10 -10 -10 -9 -8 -------- Run | Yrd Mat Min Exi Min Mat Hostile Shots Fired 216 | . 47 28 . 32 109 Missed 54 | . 14 9 . 11 20 Damage Taken 2626 | . 404 240 382 226 1374 Core 751 | . 23 47 53 74 554 Absorbed by Shields . | . . . . . . Regen/Repaired (Parts) 42 | . 42 . . . . Core Remaining (%) 60 | 100 . . . 21 . Volleys Fired 153 | 2 54 28 15 23 31 Largest 3 | 2 2 2 2 2 3 Hottest 168 | 40 133 100 168 125 150 Shots Fired 272 | 3 101 52 20 35 61 Gun 159 | 3 62 24 . 18 52 Cannon 78 | . 36 23 7 8 4 Launcher 14 | . . . . 9 5 Special 21 | . 3 5 13 . . Kinetic 75 | 3 34 24 . . 14 Thermal 181 | . 65 28 20 26 42 Explosive 14 | . . . . 9 5 Electromagnetic 2 | . 2 . . . . Robot Hit Streak 11 | 1 5 11 7 10 6 Robot Miss Streak 5 | 2 5 3 1 3 4 Penetration Max . | . . . . . . Secondary Targets . | . . . . . . Shots Hit Robots 127 | 1 44 28 5 15 34 Core Hits 81 | 1 20 13 3 30 14 Critical Kills . | . . . . . . Critical Parts Destroyed . | . . . . . . Critical Strikes 3 | . . . . 1 2 Burn 3 | . . . . 1 2 Melee Attacks 7 | . . . . . 7 Impact . | . . . . . . Slashing 7 | . . . . . 7 Piercing . | . . . . . . Sneak Attacks . | . . . . . . Combat Hostiles . | . . . . . . Follow-up Attacks . | . . . . . . Damage Inflicted 3194 | 11 715 546 106 1008 808 Guns 1254 | 11 354 192 . 235 462 Cannons 869 | . 355 329 82 21 82 Explosions 849 | . . . . 743 106 Melee 158 | . . . . . 158 Ramming 40 | . 6 25 . 9 . Kinetic 413 | 11 174 192 . . 36 Thermal 1689 | . 490 329 106 256 508 Explosive 849 | . . . . 743 106 Electromagnetic 45 | . 45 . . . . Impact . | . . . . . . Slashing 158 | . . . . . 158 Piercing . | . . . . . . Highest Corruption 8 | . 3 3 8 8 . Average Corruption 4 | . 2 3 5 8 . Corruption Purged . | . . . . . . Corruption Blocked . | . . . . . . Effects 56 | . 9 13 18 16 . Message Errors 14 | . 4 3 4 3 . Matter Fused 7 | . 1 1 1 4 . Heat Flow Errors 4 | . . 2 . 2 . Energy Discharges 11 | . 1 4 5 1 . Parts Rejected 1 | . . . . 1 . Parts Fused 2 | . 1 . 1 . . Data Loss (minor) 9 | . 2 2 3 2 . Data Loss (major) 2 | . . . 2 . . Misfires 3 | . . 1 2 . . Alerts 1 | . . . . 1 . Weapon Failures 2 | . . . . 2 . Overload Shots 2 | . . . . . 2 Effects 2 | . . . . . 2 Heat Surge 1 | . . . . . 1 Short Circuit 1 | . . . . . 1 Overflow Damage 91 | . 12 24 8 17 30 Projectiles 42 | . 12 22 8 . . Explosions 47 | . . . . 17 30 Melee 2 | . . 2 . . . Knockbacks 2 | . . 2 . . . Impact 2 | . . 2 . . . Kinetic . | . . . . . . Secondary . | . . . . . . Self-Inflicted Damage 97 | . 3 11 . 4 79 Shots 2 | . . . . . 2 Rammed 7 | . 2 3 . 2 . Targets Rammed 7 | . 2 3 . 2 . Kicked . | . . . . . . Crushed . | . . . . . . Highest Temperature 362 | . 362 203 84 295 309 Average Temperature 90 | . 98 59 31 121 67 Received Heat Transfer 1059 | . 216 105 . 27 711 Effects 4 | . 2 . . . 2 Interference 4 | . 2 . . . 2 Siege Activations . | . . . . . . Robots Corrupted . | . . . . . . Combat Hostiles . | . . . . . . Parts Fried . | . . . . . . Impact Corruptions 1 | . . 1 . . . Robots Melted . | . . . . . . Combat Hostiles . | . . . . . . Parts Melted 3 | . 1 1 . . 1 Heat Transferred 3406 | . 962 592 198 592 1062 Parts Sabotaged . | . . . . . . Parts Stolen . | . . . . . . Parts Stripped . | . . . . . . Power Chain Reactions . | . . . . . . Alert | -11 -10 -10 -10 -9 -8 ------- Run | Yrd Mat Min Exi Min Mat Peak Influence 349 | . 204 210 . 349 238 Initial 57 | . . 44 . . 57 Average 121 | . 84 130 . 184 163 Maximum Alert Level 1 | . 1 1 . 1 1 Low Security (%) 81 | 100 99 67 . 63 72 Level 1 18 | . . 32 . 36 27 Level 2 . | . . . . . . Level 3 . | . . . . . . Level 4 . | . . . . . . Level 5 . | . . . . . . High Security . | . . . . . . Max Security . | . . . . . . Squads Dispatched 4 | . . 1 . . 3 Investigation . | . . . . . . Extermination . | . . . . . . Reinforcement 1 | . . . . . 1 Assault 1 | . . 1 . . . Garrison 2 | . . . . . 2 Intercept . | . . . . . . Searches Triggered . | . . . . . . Construction Impeded . | . . . . . . Haulers Reinforced . | . . . . . . Active Scanning Responses . | . . . . . . Cargo Convoy Interrupts . | . . . . . . Stealth | -11 -10 -10 -10 -9 -8 --------- Run | Yrd Mat Min Exi Min Mat Distress Signals 2 | . 1 . . 1 . Communications Jammed . | . . . . . . Distress Signals . | . . . . . . Times Spotted 60 | . 19 8 . 19 14 Peak Tracking Total 13 | . 4 6 . 13 7 Tactical Retreats 3 | . 1 1 . . 1 Traps | -11 -10 -10 -10 -9 -8 ------- Run | Yrd Mat Min Exi Min Mat Traps Triggered 2 | . 2 . . . . Indirectly . | . . . . . . Trap Hack Attempts . | . . . . . . Triggered . | . . . . . . Disarmed . | . . . . . . Reprogrammed . | . . . . . . Reused . | . . . . . . Traps Extracted . | . . . . . . Installed . | . . . . . . Triggered . | . . . . . . Machines | -11 -10 -10 -10 -9 -8 ---------- Run | Yrd Mat Min Exi Min Mat Machines Disabled 8 | . 3 . 2 1 2 Max in Single Turn 1 | . 1 . 1 1 1 Machines Repaired . | . . . . . . Machines Dismantled . | . . . . . . Machines Sabotaged . | . . . . . . Overloaded Fab Kills . | . . . . . . Hacking | -11 -10 -10 -10 -9 -8 --------- Run | Yrd Mat Min Exi Min Mat Machines Accessed 11 | . 8 2 1 . . Terminals 9 | . 7 2 . . . Fabricators . | . . . . . . Repair Stations 1 | . 1 . . . . Recycling Units . | . . . . . . Scanalyzers . | . . . . . . Garrison Access . | . . . . . . Total Hacks 27 | . 20 3 4 . . Successful 18 | . 12 2 4 . . Failed 9 | . 8 1 . . . Catastrophic . | . . . . . . Database Lockouts . | . . . . . . Manual . | . . . . . . Terminals 20 | . 17 3 . . . Fabricators . | . . . . . . Repair Stations 3 | . 3 . . . . Recycling Units . | . . . . . . Scanalyzers . | . . . . . . Garrison Access . | . . . . . . Terminal Hacks 16 | . 10 2 4 . . Record 4 | . . . 4 . . Prototype ID Bank 3 | . 3 . . . . Branch Access Points 1 | . 1 . . . . Locate Traps 2 | . 2 . . . . Dispatch Records 2 | . 1 1 . . . Transport Status 1 | . 1 . . . . Hauler Manifests 1 | . 1 . . . . Zone Layout 2 | . 1 1 . . . Fabricator Hacks . | . . . . . . Repair Station Hacks 2 | . 2 . . . . Scan Component 1 | . 1 . . . . Repair 1 | . 1 . . . . Recycling Unit Hacks . | . . . . . . Scanalyzer . | . . . . . . Garrison Access Hacks . | . . . . . . Unauthorized Hacks . | . . . . . . Terminals . | . . . . . . Fabricators . | . . . . . . Repair Stations . | . . . . . . Recycling Units . | . . . . . . Scanalyzers . | . . . . . . Garrison Access . | . . . . . . Data Cores Recovered . | . . . . . . Used . | . . . . . . Hacking Detections 7 | . 6 1 . . . Full Trace Events . | . . . . . . Feedback Events . | . . . . . . Feedback Blocked . | . . . . . . Robot Schematics Acquired . | . . . . . . Robots Built . | . . . . . . Authchips . | . . . . . . Time . | . . . . . . Total Robot Build Rating . | . . . . . . Part Schematics Acquired . | . . . . . . Parts Built . | . . . . . . Authchips . | . . . . . . Time . | . . . . . . Total Part Build Rating . | . . . . . . Parts Repaired 1 | . 1 . . . . Time 26 | . 26 . . . . Parts Recycled . | . . . . . . Recycled Matter . | . . . . . . Retrieved Matter . | . . . . . . Retrieved Components . | . . . . . . Parts Scanalyzed . | . . . . . . Part Schematics Acquired . | . . . . . . Parts Damaged . | . . . . . . Bothacking | -11 -10 -10 -10 -9 -8 ------------ Run | Yrd Mat Min Exi Min Mat Used RIF Installer . | . . . . . . Robots Hacked . | . . . . . . Non-combat . | . . . . . . Combat . | . . . . . . Robot Hacks Applied . | . . . . . . Relay Couplers Released . | . . . . . . Fabnet Peak Effective % . | . . . . . . Robots Rewired . | . . . . . . Allies Hacked . | . . . . . . Hacks Repelled . | . . . . . . Allies | -11 -10 -10 -10 -9 -8 -------- Run | Yrd Mat Min Exi Min Mat Total Allies 1 | . . 1 . . . Largest Group 1 | . . 1 1 1 . Highest-Rated Group 31 | . . 31 31 31 . Highest-Rated Ally 31 | . . 31 31 31 . Total Orders . | . . . . . . Ally Attacks 24 | . . 12 2 10 . Total Damage 356 | . . 125 20 211 . Kills 10 | . . 4 1 5 . Allies Corrupted . | . . . . . . Allies Melted . | . . . . . . Intel | -11 -10 -10 -10 -9 -8 ------- Run | Yrd Mat Min Exi Min Mat Robot Analysis Total . | . . . . . . Derelict Logs Recovered 2 | . . 1 . 1 . Drone Launches . | . . . . . . Drone Recoveries . | . . . . . . Exploration | -11 -10 -10 -10 -9 -8 ------------- Run | Yrd Mat Min Exi Min Mat Turns Passed 3107 | 56 1003 650 741 477 180 Spaces Moved 2567 | 35 806 587 650 445 44 Core 13 | 8 1 . . . 4 Treads . | . . . . . . Legs 407 | 27 175 . 205 . . Wheels 2147 | . 630 587 445 445 40 Hover . | . . . . . . Flight . | . . . . . . Fastest Speed 50 | 50 90 90 90 90 90 Average Speed 95 | 104 96 90 99 90 111 Slowest Speed 350 | 120 350 105 190 90 200 Overloaded Moves . | . . . . . . Propulsion Burnouts . | . . . . . . Robots Hopped . | . . . . . . Cave-ins Triggered 2 | . . . 1 . 1 Exploration Rate (%) 62 | 3 99 94 93 80 5 Regions Visited 5 Branch Regions 3 Pre-discovered Areas 1 | . . . 1 . . Known Exits Taken 1 | . 1 . . . . Unknown Exits Taken 4 | 1 . 1 1 1 . Scrap Searched 2 | . . 1 . 1 . Spaces Dug 14 | . 3 5 6 . . Terrain Destroyed 104 | . 3 5 6 48 42 Melee . | . . . . . . Projectile 14 | . 3 5 6 . . AOE 90 | . . . . 48 42 Terrain Rammed . | . . . . . . Walls Destroyed . | . . . . . . Machines Disabled . | . . . . . . Actions | -11 -10 -10 -10 -9 -8 --------- Run | Yrd Mat Min Exi Min Mat Total 2917 | 52 927 643 700 482 113 Wait 65 | 3 26 15 6 . 15 Move 2562 | 34 805 586 649 444 44 Hop . | . . . . . . Pick Up 48 | 7 19 4 9 5 4 Fast Attach . | . . . . . . Attach 29 | 6 6 2 5 1 9 Detach 5 | . 3 . 1 . 1 Swap 17 | . 4 2 5 5 1 Drop 22 | . 8 3 8 2 1 Fire 153 | 2 54 28 15 23 31 Melee 7 | . . . . . 7 Ram 7 | . 2 3 . 2 . Kick . | . . . . . . Crush . | . . . . . . Escape Stasis . | . . . . . . Rewire 2 | . . . 2 . . Trap . | . . . . . . Miscellaneous . | . . . . . . Route ------- -11/Scrapyard -10/Materials (discovered 6 exits: [*Mat x3] / *Min x2 / [*Sub]) -10/Mines (discovered 2 exits: [*Mat] / *Exi) -10/Exiles (discovered 2 exits: [*Min x2]) -9/Mines -8/Materials History --------- Turn | Location | Event 28 | -11/Scrapyard | Discovered new exit (range 15) 57 | -11/Scrapyard | Entered Materials 210 | -10/Materials | Repaired Ion Engine 308 | -10/Materials | Build established: Mutant 534 | -10/Materials | Discovered new exit (range 10) 589 | -10/Materials | Discovered new exit (range 10) 683 | -10/Materials | Discovered new exit (range 16) 714 | -10/Materials | Identified exit to Mines 734 | -10/Materials | Discovered new exit (range 6) 944 | -10/Materials | Discovered new exit (range 6) 1060 | -10/Materials | Entered Mines 1062 | -10/Mines | Discovered new exit (range 15) 1178 | -10/Mines | Learned Materials emergency access door positions 1283 | -10/Mines | Found a hidden stash of uninstalled traps 1338 | -10/Mines | Received a Rocket Launcher from a helpful Derelict 1363 | -10/Mines | Met a Derelict testing a Signal Generator 1665 | -10/Mines | Found a damaged Exp. Sensor Array with a note attached 1667 | -10/Mines | Found Prototype Device 1706 | -10/Mines | Deemed a non-threat by the Exiles lab entrance 1706 | -10/Mines | Discovered new exit (range 5) 1710 | -10/Mines | Entered Exiles 1710 | -10/Exiles | Found Exiles lab destroyed 1710 | -10/Exiles | Accompanied by 1 ally 1724 | -10/Exiles | Discovered new exit (range 15) 1801 | -10/Exiles | Learned location of Zion (-7) 2067 | -10/Exiles | Crushed by falling debris 2437 | -10/Exiles | Discovered new exit (range 14) 2451 | -10/Exiles | Entered Mines 2451 | -9/Mines | Accompanied by 1 ally 2455 | -9/Mines | Core integrity fell below 50% 2656 | -9/Mines | Learned Materials security intel 2734 | -9/Mines | Assembled infested the area 2739 | -9/Mines | Assisted by a Guerilla fighting off Assembled 2768 | -9/Mines | Destroyed 9 combat bots 2917 | -9/Mines | Discovered new exit (range 11) 2928 | -9/Mines | Entered Materials 2928 | -8/Materials | Evolved 4 slots: Propulsion x2, Utility x1, Weapon x1 2928 | -8/Materials | Identified Exp. Sensor Array 2964 | -8/Materials | Garrison activated, responded to threat 3097 | -8/Materials | Core integrity fell below 50% 3105 | -8/Materials | Core integrity fell below 20% 3109 | -8/Materials | Crushed by falling debris 3109 | -8/Materials | Smashed by cave-in Last Messages --------------- S-10 Pest destroyed. K-01 Serf collects debris. Particle Cannon destroyed. Terminal disabled. Critical hit (Burn: +37). The unstable cave ceiling collapses. Rocket Launcher destroyed. Destroyed Rocket Launcher. T-07 Excavator is excavating. Arm. Wheel destroyed. Acquired Lgt. Assault Rifle. Cooling System destroyed. Lgt. Assault Rifle destroyed. Critical hit (Burn: +37). Acquired Lgt. Assault Rifle. Critical hit (Burn: +37). U-05 Engineer lays Concrete. Lgt. Assault Rifle destroyed. The unstable cave ceiling collapses. Crushed by falling debris. Map ----- +----------------------------------------------------+ | | | | | ?????????????????????????????????????????????? | | ?????????????????????????????????????????????? | | ?????????????????????????????????????????????? | | ?????????????????????????????????????????????? | | ?????????????????????????????????????????????? | | ?????????????????????????????????????????????? | | ?????????????????????????????????????????????? | | ?????????????????????????????????????????????? | | ?????????????????????????????????????????????? | | ?????????????????????????????????????????????? | | ?????????????????????????????????????????????? | | ????????????????????#######??????????????????? | | ???????????????????## ###??????########??? | | ??????????????????## #####?"T" #??? | | ??????????????????# #? #??? | | ??????????????????# # ! = #??? | | ??????????????????# # #??? | | ??????????? # ???# " % *#??? | | ??????????? + # = # """" #??? | | ?????????????# %/=]=% # """" ?????? | | ??????????????????# #? """"??????? | | ??????????????????#! # #?#####??????? | | ??????????????????####### g # #????????????? | | ???????????????????????# @ # #????????????? | | ???????????????????????## # #????????????? | | ???????????????????????# # #????????????? | | ???????????????????????# # #????????????? | | ??????????????+????????# ! # #????????????? | | ???????????????????????## # #????????????? | | ???????????????????????? g # #????????????? | | ??????????????????????# g# #????????????? | | ?????????????????????? + #????????????? | | ??????????????+??????? t # ?????????????? | | ?????????????????????# #????????????????? | | ?????????????????????## #????????????????? | | ??????????????????????#######????????????????? | | ?????????????????????????????????????????????? | | ?????????????????????????????????????????????? | | ?????????????????????????????????????????????? | | ?????????????????????????????????????????????? | | ?????????????????????????????????????????????? | | ?????????????????????????????????????????????? | | ?????????????????????????????????????????????? | | ?????????????????????????????????????????????? | | ?????????????????????????????????????????????? | | ?????????????????????????????????????????????? | | ?????????????????????????????????????????????? | | ?????????????????????????????????????????????? | +----------------------------------------------------+ Best States ------------- Heat Dissipation 53 Energy Generation 14 Energy Capacity 250 Matter Stores 300 Matter Capacity 300 Sight Range 16 Robot Scan Range 20 Terrain Scan Density 10 Cloak Strength 3 Armor Coverage 150 Evasion (%) 55 Item Schematics ----------------- None Robot Schematics ------------------ None Fabricated ------------ Nothing Alien Tech Used ----------------- None Achievements -------------- Troublemaker Challenges ------------ None Game ------ Seed FireTeslaFilter Manual? 0 Play Time 00:47:01 Cumulative 10.8 hours Start 2024.04.10 @ 11:03:49 End 2024.04.10 @ 11:50:01 Sessions 1 Manual Loads 0 Difficulty Rogue Special Mode None Game No. 15 Rogue 15 Adventurer 0 Explorer 0 Win Type - Total 0 Types 0/0/0/0/0/0/0/0/0 Lore% 11 Gallery% 12 Achievement% 13 Wizard Run 0 Options --------- Layout 1 ASCII 0 Keyboard 0 Movement Mouse Keybinds 0 Fullscreen 1 Font 16/SmallcapsGlow Map View 55x38 Zoom Use 0% Tactical HUD 0 Map Filters NONE Filters NONE Steam 1 RUN: 3a4fe9b2-d194-4c55-995b-026fdb43ea16